[Event "Late-Titled-Tuesday-Blitz-July-09-2024"]
[Site "Chess.com"]
[Date "2024.07.09"]
[Round "2"]
[White "DanLowinger"]
[Black "c63_amg"]
[Result "0-1"]
[WhiteElo "2405"]
[BlackElo "2773"]
[TimeControl "180+1"]
[EndTime "14:18:07 PDT"]
[Termination "c63_amg won by resignation"]

1. e4 c5 2. Nf3 d6 3. d4 cxd4 4. Nxd4 Nf6 5. Nc3 a6 6. Bg5 Nbd7 7. f4 Qa5 8. Qd2 h6 9. Bh4 g6 10. Bc4 Bg7 11. O-O-O O-O 12. Rhe1 Qc7 13. Bb3 e5 14. Nf3 exf4 15. Qxd6 Qxd6 16. Rxd6 g5 17. Bf2 Ng4 18. Bd4 Bxd4 19. Nxd4 Nde5 20. Nd5 Nxh2 21. Ne7+ Kh7 22. Rh1 Nhg4 23. Nxc8 Raxc8 24. Nf5 f6 25. Rb6 Rc7 26. Bd5 Nd3+ 27. Kb1 Ndf2 28. Rf1 Re8 29. Nd6 Re5 30.
c4 Nd3 31. b4 Ne3 32. Rh1 Nxd5 33. exd5 Re2 34. a3 Rb2+ 35. Ka1 Rxg2 36. Rxb7 Rxb7 37.
Nxb7 f3 38. Kb1 f2 39. Kc2 Rg1 40. Kxd3 Rxh1 0-1

[Event "Late-Titled-Tuesday-Blitz-July-09-2024"]
[Site "Chess.com"]
[Date "2024.07.09"]
[Round "2"]
[White "Michalczak"]
[Black "talaicito"]
[Result "1-0"]
[WhiteElo "2517"]
[BlackElo "2317"]
[TimeControl "180+1"]
[EndTime "14:18:08 PDT"]
[Termination "Michalczak won on time"]

1. e4 c5 2. c3 d5 3. exd5 Qxd5 4. Nf3 Nf6 5. Na3 e6 6. Bc4 Qd8 7. O-O Be7 8. Qe2 O-O 9. Rd1 Nc6 10. d4 cxd4 11. Nb5 Bd7 12. Nbxd4 Nxd4 13. Rxd4 Qa5 14. Ne5 Be8 15. Bg5 Rd8 16. Rad1 Rxd4 17. Rxd4 h6 18.
Bc1 b5 19. Bb3 Qc7 20. Bf4 Qb7 21. h3 a5 22. a3 Bc5 23. Rd8 Be7 24. Rd1 a4 25. Ba2 Bc6 26. Nxc6 Qxc6 27. Be5 Rd8 28. Rxd8+ Bxd8 29. Qd3 Be7 30. Kf1 Nd7 31. Bd4 Nc5 32. Qe3 Nb3 33. Be5 Qd5 34. Qe1 Bc5 35. Kg1 g6 36. Bf4 Kh7 37. Qe2 Kg7 38. h4 Be7 39. Qe5+ 1-0

[Event "Late-Titled-Tuesday-Blitz-July-09-2024"]
[Site "Chess.com"]
[Date "2024.07.09"]
[Round "2"]
[White "szachmistrz2500"]
[Black "annasargsyan_m"]
[Result "0-1"]
[WhiteElo "2414"]
[BlackElo "2693"]
[TimeControl "180+1"]
[EndTime "14:18:09 PDT"]
[Termination "annasargsyan_m won by resignation"]

1. d4 d5 2. c4 c6 3. Nf3 Nf6 4. Qc2 dxc4 5. Qxc4 Bf5 6. Nc3 e6 7. g3 Nbd7 8. Bg2 Be7 9. O-O Ne4 10. Bf4 O-O 11. Rfd1 h6 12. Ne5 Nd6 13. Qb3 a5 14. e4 Bh7 15. Rac1 a4 16. Qc2 Nf6 17. Qe2 Qa5 18.
h4 Rad8 19. g4 Nd7 20. g5 hxg5 21. hxg5 Nxe5 22. dxe5 Nb5 23. Nxb5 cxb5 24. Be3 b4 25. f4 b3 26. axb3 axb3 27. Qg4 Rxd1+ 28. Rxd1 Bc5 29.
Bxc5 Qxc5+ 30. Kh2 Qc2 31. Re1 Rd8 32. Re2 Rd2 33.
Rxd2 Qxd2 34. f5 exf5 35. exf5 Qxb2 36. g6 Qxe5+ 37. Kh1 b2 38. gxh7+ Kxh7 39. Be4 Qf6 40. Qh3+ Kg8 41. Qd3 Qh4+ 42. Kg2 Qg4+ 43. Kf2 Qf4+ 44.
Ke2 Qh2+ 45. Kd1 Qg1+ 46. Kc2 b1=Q+ 0-1

[Event "Late-Titled-Tuesday-Blitz-July-09-2024"]
[Site "Chess.com"]
[Date "2024.07.09"]
[Round "2"]
[White "Redzishchess"]
[Black "aexmi"]
[Result "0-1"]
[WhiteElo "2464"]
[BlackElo "2263"]
[TimeControl "180+1"]
[EndTime "14:18:09 PDT"]
[Termination "aexmi won by checkmate"]

1. d4 Nf6 2. c4 e6 3. Nf3 b6 4. g3 Bb7 5. Bg2 Be7 6. O-O O-O 7. Re1 d5 8. cxd5 exd5 9. Nc3 Ne4 10. Bf4 c5 11. Rc1 Nd7 12. dxc5 Bxc5 13. Nd4 Ndf6 14. Na4 Rc8 15. Nxc5 bxc5 16. Nf5 g6 17. Ne3 Re8 18. h4 Nh5 19. Bh6 Qf6 20.
Rf1 d4 21. Nc4 Bd5 22. Bg5 Nxg5 23. Bxd5 Nh3+ 24. Kh2 Nxf2 25. Bf3 Nxd1 26. Rcxd1 Qe6 27. b3 Nf6 28. Kg2 Ng4 29. Kh1 Ne3 30. Nxe3 Qxe3 31. Bd5 Re7 32. Rd3 Qxe2 33. Rdf3 Rcc7 34. Bc4 Qe5 35. Rf6 Kg7 36. Ra6 Qxg3 37. Rg1 Qh3# 0-1

[Event "Late-Titled-Tuesday-Blitz-July-09-2024"]
[Site "Chess.com"]
[Date "2024.07.09"]
[Round "2"]
[White "Masterisback04"]
[Black "Kombinator01"]
[Result "0-1"]
[WhiteElo "2096"]
[BlackElo "2454"]
[TimeControl "180+1"]
[EndTime "14:18:09 PDT"]
[Termination "Kombinator01 won on time"]

1. e4 e5 2. Nf3 Nf6 3. Nc3 Nc6 4.
Bb5 Nd4 5. Bc4 Nxf3+ 6. Qxf3 d6 7. d3 c6 8. a4 Be7 9. h3 O-O 10. g4 Be6 11. g5 Nd7 12. Bxe6 fxe6 13. Qg4 Kh8 14. h4 Nc5 15. b4 Na6 16. Rb1 d5 17. b5 Nb4 18. h5 Nxc2+ 19. Kd1 Nd4 20. g6 Rf4 21. Bxf4 exf4 22. h6 Bf6 23. hxg7+ Bxg7 24. Rxh7+ Kg8 25. bxc6 b6 26. Qh3 Qf6 27. Nxd5 exd5 28. c7 Qxg6 29. c8=Q+ Rxc8 30. Rxg7+ Kxg7 31. Qd7+ Kh6 32. Qxc8 Qg1+ 33. Kd2 Qxf2+ 34. Kc1 f3 35. Qh8+ Kg5 36.
Qe5+ Kg4 37. Qg7+ Kf4 38. Qh6+ Kg3 39. Qg5+ Kh2 40. Qh6+ Kg2 41. Qg5+ Kf1 0-1

[Event "Late-Titled-Tuesday-Blitz-July-09-2024"]
[Site "Chess.com"]
[Date "2024.07.09"]
[Round "2"]
[White "varunkrishnanchess"]
[Black "Charodej1"]
[Result "0-1"]
[WhiteElo "2628"]
[BlackElo "2395"]
[TimeControl "180+1"]
[EndTime "14:18:11 PDT"]
[Termination "Charodej1 won by checkmate"]

1. d4 Nf6 2. c4 e6 3. Nc3 Bb4 4. f3 d5 5. a3 Bxc3+ 6. bxc3 c5 7.
cxd5 exd5 8. e3 Nc6 9. Bd3 O-O 10. Ne2 Re8 11. O-O Qe7 12. Ng3 h5 13. Re1 h4 14.
Nf5 Bxf5 15. Bxf5 Rad8 16. Bd2 Na5 17. e4 dxe4 18. fxe4 cxd4 19. cxd4 Rxd4 20. Qc2 Rxd2 21. Qxd2 Nb3 22. Qf2 Nxa1 23. Rxa1 Qe5 24. Re1 Qc3 25. Qxh4 Qxa3 26. Qf4 Qc5+ 27. Kh1 Qe5 28. Qf2 g6 29. Qh4 gxf5 30. Rf1 Nxe4 31. Qe1 Re6 32. Qd1 Kg7 33. Qd3 b5 34. g3 b4 35. Kg2 Rd6 36.
Qe3 Rd2+ 37. Kg1 Qd4 38. Qxd4+ Rxd4 39. Rxf5 Nd6 40. Rf3 Rc4 41. h4 Rc3 42. Rf4 Nc4 43. h5 b3 44. Rg4+ Kh7 45. Rf4 b2 46. Rxf7+ Kh6 47. Rb7 Nb6 48. Kg2 b1=Q 49. Rxa7 Qe4+ 50. Kh3 Qf5+ 51. Kh2 Qf2+ 52. Kh1 Rc1# 0-1

[Event "Late-Titled-Tuesday-Blitz-July-09-2024"]
[Site "Chess.com"]
[Date "2024.07.09"]
[Round "2"]
[White "NovakRatko"]
[Black "ninguno46"]
[Result "0-1"]
[WhiteElo "2353"]
[BlackElo "2574"]
[TimeControl "180+1"]
[EndTime "14:18:11 PDT"]
[Termination "ninguno46 won by resignation"]

1. d4 Nf6 2. c4 e6 3. Bg5 Bb4+ 4. Nd2 c5 5. dxc5 Bxc5 6. Ngf3 b6 7. a3 Bb7 8. b4 Be7 9. e3 a5 10. Rb1 d6 11. Bd3 Nbd7 12. e4 O-O 13. O-O h6 14. Bh4 Nh5 15. Bxe7 Qxe7 16. Nd4 Nf4 17. N2f3 Ne5 18.
Nxe5 dxe5 19. Ne2 Rfd8 20. Nxf4 exf4 21. Qe2 axb4 22. axb4 Ra3 23. Rfd1 e5 24. f3 Rd4 25.
Qc2 Qd6 26. c5 Qd7 27. Bc4 bxc5 28. bxc5 Bc6 29. h3 Kh7 30. Kh2 Ba4 31. Rxd4 Qxd4 32. Qb2 Rc3 33. Bxf7 Qxc5 34. Qb8 Qc8 35. Qxe5 Qc7 36.
Qf5+ Kh8 37. Be6 Be8 38. Qf8+ Kh7 39. Bf5+ g6 40. Qxe8 gxf5 41. Rb8 Qg7 42. exf5 Qg3+ 43. Kg1 Rc1+ 0-1

[Event "Late-Titled-Tuesday-Blitz-July-09-2024"]
[Site "Chess.com"]
[Date "2024.07.09"]
[Round "2"]
[White "IlanSchnaider"]
[Black "FuenfgegenWilly"]
[Result "1-0"]
[WhiteElo "2840"]
[BlackElo "2551"]
[TimeControl "180+1"]
[EndTime "14:18:13 PDT"]
[Termination "IlanSchnaider won on time"]

1. e4 c5 2. Nf3 a6 3. c4 Nc6 4. Nc3 e5 5. d3 d6 6. Be2 f5 7. a3 Nf6 8. Bg5 Be7 9. O-O O-O 10. exf5 Bxf5 11. Bxf6 Bxf6 12. Ne4 Nd4 13. Nxd4 exd4 14. Ng3 Bg6 15. Bh5 Bxh5 16. Qxh5 Be5 17. Ne4 g6 18. Qh3 Rf5 19. Qg4 Qf8 20. Rae1 b5 21. b3 Qf7 22.
Ng5 Qf6 23. Ne4 Qf7 24. g3 Rd8 25. f4 Bg7 26. Ng5 Qf6 27. Re6 Qf8 28. Rfe1 Bf6 29.
Ne4 d5 30. cxd5 Bg7 31. d6 Rd5 32. Qh3 Qf7 33. Ng5 Rxg5 34. fxg5 c4 35. Re7 Qf8 36. Qe6+ Kh8 37. Rf7 Qg8 38. Qe7 cxd3 39. Rxg7 1-0

[Event "Late-Titled-Tuesday-Blitz-July-09-2024"]
[Site "Chess.com"]
[Date "2024.07.09"]
[Round "2"]
[White "MikaelyanArman"]
[Black "MaxLeto"]
[Result "1-0"]
[WhiteElo "2895"]
[BlackElo "2496"]
[TimeControl "180+1"]
[EndTime "14:18:14 PDT"]
[Termination "MikaelyanArman won by resignation"]

1. Nf3 d5 2. g3 c6 3. Bg2 Nf6 4.
O-O Bf5 5. c4 e6 6. d3 Nbd7 7.
cxd5 exd5 8. Qb3 Qb6 9. Qc2 Be7 10. Nc3 O-O 11. e4 dxe4 12. dxe4 Bg6 13. Be3 Qa5 14.
Nh4 Rfe8 15. Rad1 Bb4 16. Nxg6 hxg6 17. a3 Bxc3 18. Qxc3 Qxc3 19. bxc3 Nb6 20. f3 Nc4 21. Bc1 b5 22. Kf2 a5 23. Rfe1 Red8 24. Bf1 Nb6 25.
Be3 Na4 26. Bd4 Ne8 27. Rc1 Nd6 28. g4 Nb2 29. e5 Ndc4 30. Ra1 Nd2 31. Ra2 Nbc4 32.
Be2 a4 33. f4 Nb3 34. Bxc4 bxc4 35. Be3 Rd3 36. Rc2 Rad8 37. h4 Kf8 38. Ke2 R8d5 39. Rh1 Rb5 40. h5 gxh5 41. Rxh5 Na1 42. Ra2 Nb3 43.
Kf3 Rxc3 44. Ke4 Rd3 45. Rc2 Nc5+ 46. Bxc5+ Rxc5 47. f5 Rxa3 48. g5 Rb3 49. f6 gxf6 50.
gxf6 Ke8 51. Rh8+ Kd7 52. Rf8 Rd5 53. Rxf7+ Kc8 54. Rh2 Rbd3 55. Ra7 R3d4+ 56. Kf5 c3 57. f7 Rd8 58. Ke6 Rc4 59. Ra8+ Kc7 60. Rxd8 Rc5 61.
Rd7+ 1-0

[Event "Late-Titled-Tuesday-Blitz-July-09-2024"]
[Site "Chess.com"]
[Date "2024.07.09"]
[Round "2"]
[White "Adrian-thorsen"]
[Black "almaguerjm"]
[Result "0-1"]
[WhiteElo "2310"]
[BlackElo "2516"]
[TimeControl "180+1"]
[EndTime "14:18:14 PDT"]
[Termination "almaguerjm won on time"]

1. g4 d5 2. h3 h6 3. Bg2 Nf6 4. c4 c6 5. Qb3 Na6 6. cxd5 Nxd5 7. Nc3 e6 8. a3 Be7 9. Nf3 Nf4 10. O-O Nc5 11.
Qc2 Nxg2 12. Kxg2 h5 13. b4 Nd7 14. Bb2 hxg4 15. hxg4 Nf6 16. g5 Nd5 17. g6 Nf4+ 18. Kg3 Nxg6 19. Rh1 Qc7+ 20. Kg2 Nf4+ 21. Kg1 Rxh1+ 22.
Kxh1 Bd7 23. Rg1 O-O-O 24. Rxg7 Rh8+ 25. Kg1 Qd8 26. e3 Rh3 27. exf4 Qh8 28. Rg3 Rh1+ 29.
Kg2 e5 30. Nxe5 Bh3+ 31. Kf3 Qh5+ 32. Ke3 f6 33. Nc4 Re1+ 34. Kd4 c5+ 35. bxc5 Qxc5+ 36. Kd3 Bf5+ 37. Ne4 Bxe4+ 38. Kc3 Bxc2 39. Rg8+ Kd7 40.
Rg7 Bf5 41. Rxe7+ Qxe7 42. a4 Rb1 0-1

[Event "Late-Titled-Tuesday-Blitz-July-09-2024"]
[Site "Chess.com"]
[Date "2024.07.09"]
[Round "2"]
[White "Walter_White_Poland"]
[Black "Paladin61"]
[Result "0-1"]
[WhiteElo "2417"]
[BlackElo "2730"]
[TimeControl "180+1"]
[EndTime "14:18:15 PDT"]
[Termination "Paladin61 won by resignation"]

1. e4 c5 2. Nf3 e6 3. d4 cxd4 4. Nxd4 a6 5. c4 Nf6 6. Nc3 Qc7 7. Bd3 Nc6 8. Be3 Ne5 9. h3 b6 10. Rc1 Bb7 11. O-O d6 12. Re1 Be7 13. b3 O-O 14.
Bb1 Rfe8 15. f4 Ned7 16. f5 Bf8 17. fxe6 fxe6 18. Rf1 Rac8 19. Qf3 Kh8 20. Kh1 Qd8 21. Bg5 Rc5 22. Bh4 Qa8 23. Rce1 Rh5 24. Bg3 Ne5 25. Qe2 Rg5 26. Bh4 Rg6 27. Bxf6 gxf6 28. Qh5 Qc8 29. Nce2 Rh6 30. Nf4 Rxh5 31. Nxh5 Nd7 32. Nxf6 Nxf6 33. Rxf6 Bg7 34. Rf7 Bxd4 35. e5 Bxe5 36. Rxh7+ Kg8 37. Rf1 Rf8 38. Re1 Rf2 39. Rh5 Rxg2 40. Rg1 Rxg1+ 41. Kxg1 Qc5+ 42. Kf1 Qd4 43. Bd3 Qxd3+ 0-1

[Event "Late-Titled-Tuesday-Blitz-July-09-2024"]
[Site "Chess.com"]
[Date "2024.07.09"]
[Round "2"]
[White "boguszp"]
[Black "sammartin99"]
[Result "0-1"]
[WhiteElo "1960"]
[BlackElo "2427"]
[TimeControl "180+1"]
[EndTime "14:18:16 PDT"]
[Termination "sammartin99 won on time"]

1. d4 Nf6 2. Nf3 g6 3. Bf4 Bg7 4. e3 d5 5. Be2 O-O 6. O-O c5 7. c3 Nc6 8. Nbd2 Nd7 9. h3 e5 10. dxe5 Ndxe5 11. Nxe5 Nxe5 12. Nf3 Nc6 13. Qb3 Qb6 14.
Rfd1 Be6 15. Bd6 Rfd8 16. Qxb6 axb6 17. Bc7 Rdc8 18. Bxb6 Ne7 19. a4 h6 20. Bb5 Nf5 21. a5 Nd6 22. Be2 Nc4 23. Bxc4 dxc4 24. Rd2 Bf5 25. Rad1 Bf6 26. g4 Be4 27. Ne1 Kg7 28. f3 Bc6 29. Rd6 Ba4 30. R1d2 Be7 31. R6d5 Bc6 32.
Bxc5 Bxd5 33. Bxe7 Rxa5 34. e4 Be6 35. f4 Ra1 36.
Kf2 Rc7 37. Bd6 Rd7 38. Be5+ f6 0-1

[Event "Late-Titled-Tuesday-Blitz-July-09-2024"]
[Site "Chess.com"]
[Date "2024.07.09"]
[Round "2"]
[White "ChristopherYoo"]
[Black "scandalgod"]
[Result "1-0"]
[WhiteElo "3030"]
[BlackElo "2640"]
[TimeControl "180+1"]
[EndTime "14:18:17 PDT"]
[Termination "ChristopherYoo won by resignation"]

1. c4 e5 2. g3 Nc6 3. Bg2 Bc5 4.
Nc3 d6 5. e3 a6 6. Nge2 Ba7 7.
O-O h5 8. h3 h4 9. g4 f5 10.
gxf5 Bxf5 11. Qb3 Qc8 12. f4 Nge7 13. Kh2 O-O 14. e4 Bd7 15. f5 Nd4 16. Nxd4 exd4 17.
Ne2 Qe8 18. d3 Nxf5 19. exf5 Qxe2 20. Qxb7 Rae8 21. Bg5 Qh5 22. Bf4 Re2 23. Rae1 Rxg2+ 24. Kxg2 Qxf5 25. Rf3 Rf6 26. Qxa7 Bc6 27. Qxd4 Qxf4 28. Qxf4 Rxf4 29. Re3 g5 30. Kf2 Bxf3 31. Rxf3 Rd4 32.
Ke3 c5 33. Rf5 g4 34. Rg5+ Kf7 35. Rxg4 Rxg4 36. hxg4 Kf6 37. Kf4 h3 38. Kg3 1-0

[Event "Late-Titled-Tuesday-Blitz-July-09-2024"]
[Site "Chess.com"]
[Date "2024.07.09"]
[Round "2"]
[White "bancsoo"]
[Black "biostatistician"]
[Result "1-0"]
[WhiteElo "2845"]
[BlackElo "2554"]
[TimeControl "180+1"]
[EndTime "14:18:17 PDT"]
[Termination "bancsoo won by resignation"]

1. d4 Nf6 2. Nf3 g6 3. Nbd2 d5 4. e3 Bg7 5. c4 O-O 6. b4 Bf5 7. Bb2 c6 8. a4 Nbd7 9. Be2 Ne4 10. O-O Nxd2 11. Nxd2 e5 12. cxd5 cxd5 13. dxe5 Nxe5 14.
Bd4 a6 15. Qb3 Rc8 16. Rfc1 Qd7 17. b5 axb5 18. axb5 Be6 19. Qb2 f6 20. b6 Rxc1+ 21. Rxc1 Rc8 22. h3 Rxc1+ 23. Qxc1 Qc6 24. Qb2 Kf7 25. Nb3 Nc4 26. Qb1 Qb5 27. Qa2 Qb4 28. Qa7 Qxb3 29. Qxb7+ Kg8 30. Qc6 Bf7 31. b7 Bf8 32.
Qxf6 Qb1+ 33. Kh2 Bd6+ 34. g3 Kf8 35. Bxc4 Bxg3+ 36. Kxg3 Qg1+ 37. Kh4 g5+ 38. Qxg5 Qxf2+ 39. Qg3 1-0

[Event "Late-Titled-Tuesday-Blitz-July-09-2024"]
[Site "Chess.com"]
[Date "2024.07.09"]
[Round "2"]
[White "alreadybroken23"]
[Black "EternalNight8"]
[Result "1-0"]
[WhiteElo "2661"]
[BlackElo "2383"]
[TimeControl "180+1"]
[EndTime "14:18:20 PDT"]
[Termination "alreadybroken23 won on time"]

1. e4 c5 2. Nf3 d6 3. d4 cxd4 4. Nxd4 Nf6 5. Nc3 Nc6 6. Bg5 Bd7 7. Qd2 Rc8 8. O-O-O Nxd4 9. Qxd4 Qa5 10. Bxf6 gxf6 11. Kb1 Qc5 12. Qxc5 Rxc5 13. f3 Bg7 14.
Nd5 e6 15. Ne3 Ke7 16. Bd3 Rhc8 17. c3 a5 18. Rhe1 a4 19. a3 Bb5 20. Ka2 h5 21. Re2 Bxd3 22. Rxd3 Bh6 23. Nc2 h4 24. h3 Rg8 25. Rd4 b5 26. Rb4 e5 27. Ne1 Rb8 28. Nd3 Rcc8 29. Rf2 Rg8 30. f4 exf4 31. c4 Rg3 32.
Nxf4 Bxf4 33. Rxf4 Rxg2 34. cxb5 Rh8 35. b6 Rgg8 36.
Rxa4 Rb8 37. Rb4 Ke6 38. a4 Ke5 39. Rf5+ Ke6 40. a5 Kd7 41. a6 Kc6 42. b7 Kc7 43.
Rxf6 Rhf8 44. Rc4+ Kb6 45. Rxd6+ Ka7 46. b4 Rg8 47. b5 Rg2+ 48. Kb3 Rg3+ 49. Kb4 Rxh3 50. Ka5 Ra3+ 51. Ra4 Rxa4+ 52. Kxa4 h3 53. Ka5 Rh8 54. b6+ Kb8 55. a7+ Kxb7 56. Rd7+ Kc8 57. a8=Q+ Kxd7 58. Qxh8 1-0

[Event "Late-Titled-Tuesday-Blitz-July-09-2024"]
[Site "Chess.com"]
[Date "2024.07.09"]
[Round "2"]
[White "Veleamater"]
[Black "Maluco_do_Natal_00"]
[Result "1-0"]
[WhiteElo "2432"]
[BlackElo "1986"]
[TimeControl "180+1"]
[EndTime "14:18:20 PDT"]
[Termination "Veleamater won on time"]

1. g3 d5 2. Bg2 Nf6 3. d3 g6 4.
Nf3 Bg7 5. O-O O-O 6. h3 c5 7. Nc3 Nc6 8. e4 dxe4 9. dxe4 e5 10. Be3 b6 11. Nd2 Ba6 12. Re1 Nd4 13. a4 Rc8 14. Kh2 h6 15. f4 exf4 16. gxf4 Nh5 17. Nd5 Bb7 18. Nc3 Qh4 19. Qg4 Qxg4 20. hxg4 Nf6 21.
Bxd4 Nxg4+ 22. Kg3 cxd4 23. Nb5 Ne3 24. c3 Nxg2 25.
Kxg2 dxc3 26. bxc3 a6 27. Nd6 Rc7 28. Nxb7 Rxb7 29. e5 Rd8 30. Ne4 Rc7 31. Re3 Kf8 32.
Rb1 Rc6 33. Kf3 f6 34. exf6 Bxf6 35. a5 b5 36. Rg1 Kg7 37. f5 g5 38. Rge1 Rd7 39.
Nxf6 Rxf6 40. Kg4 Rc7 41. Re7+ Rf7 42. Rxf7+ Kxf7 43. Re6 1-0

[Event "Late-Titled-Tuesday-Blitz-July-09-2024"]
[Site "Chess.com"]
[Date "2024.07.09"]
[Round "2"]
[White "Kirill_Klukin"]
[Black "Emp3rador"]
[Result "1-0"]
[WhiteElo "2937"]
[BlackElo "2613"]
[TimeControl "180+1"]
[EndTime "14:18:21 PDT"]
[Termination "Kirill_Klukin won by resignation"]

1. d4 d5 2. c4 c6 3. Nf3 Nf6 4. Nc3 dxc4 5. e3 b5 6. a4 b4 7. Na2 a5 8. Bxc4 Ba6 9. Qe2 e6 10. O-O Qb6 11. Bd2 Be7 12. Nc1 Nbd7 13. Nb3 c5 14. Rac1 cxd4 15. Nfxd4 O-O 16. Bb5 Nc5 17. Nxc5 Bxc5 18. Rxc5 Qxc5 19. Bxa6 e5 20. Nf5 g6 21.
Ng3 Rfd8 22. e4 Rxd2 23. Qxd2 Rxa6 24. Rd1 Rc6 25. Qg5 Rd6 26. Rc1 Qb6 27. h3 Rc6 28.
Rxc6 Qxc6 29. Qxe5 Nd7 30. Qd4 Qxa4 31. h4 Qc6 32. h5 Nf6 33. h6 Qe8 34. e5 Nd7 35. f4 Nf8 36. Ne4 Qe6 37. Qd8 f5 38. Qc7 Qd7 39.
Nf6+ Kf7 40. Nxd7 1-0

[Event "Late-Titled-Tuesday-Blitz-July-09-2024"]
[Site "Chess.com"]
[Date "2024.07.09"]
[Round "2"]
[White "Vladimir_2020"]
[Black "GAO"]
[Result "1-0"]
[WhiteElo "2751"]
[BlackElo "2450"]
[TimeControl "180+1"]
[EndTime "14:18:21 PDT"]
[Termination "Vladimir_2020 won by resignation"]

1. Nf3 Nf6 2. g3 d5 3. Bg2 Bg4 4. O-O e6 5. c4 Be7 6. Qb3 Nc6 7. cxd5 exd5 8. d3 O-O 9. Be3 Rb8 10. Nbd2 Re8 11.
Rfe1 a6 12. h3 Be6 13. Nd4 Nxd4 14. Bxd4 c5 15. Be5 d4 16. Qc2 Bd6 17. Bxf6 Qxf6 18. a3 b6 19. a4 b5 20. axb5 axb5 21. Ne4 Qe7 22. Ra6 Red8 23. Nxd6 Rxd6 24. Qxc5 Rd7 25. Qxe7 Rxe7 26. Rc1 Bf5 27. Kf1 g6 28. g4 Bd7 29.
Rd6 Rbe8 30. Bf3 h5 31. Rxd4 hxg4 32. hxg4 Kg7 33. Kg2 f5 34. Rc7 Be6 35. Rxe7+ Rxe7 36. g5 Rc7 37. b4 Kf7 38. Rd6 Re7 39. e3 Bd7 40.
Bc6 Bxc6+ 41. Rxc6 Rd7 42. d4 Ra7 43. Rc5 Ke6 44.
Rxb5 Ra4 45. Rb6+ Kd5 46. Rxg6 Rxb4 47. Rf6 Ke4 48. Re6+ Kd3 49. Kf3 Rb8 50. Rf6 Rg8 51. Rxf5 Kd2 52. Kg4 Ke2 53. Rf6 Kd3 54. d5 Ke4 55. d6 Ke5 56. f4+ Ke4 57. d7 Kxe3 58. Rd6 Ke4 59. d8=Q Rxg5+ 60. fxg5 Ke5 61. Qf6+ 1-0

[Event "Late-Titled-Tuesday-Blitz-July-09-2024"]
[Site "Chess.com"]
[Date "2024.07.09"]
[Round "2"]
[White "LidongW"]
[Black "PushingpawnsNYC"]
[Result "0-1"]
[WhiteElo "2281"]
[BlackElo "2505"]
[TimeControl "180+1"]
[EndTime "14:18:22 PDT"]
[Termination "PushingpawnsNYC won on time"]

1. e4 c5 2. c3 d5 3. exd5 Qxd5 4. d4 cxd4 5. cxd4 Nf6 6. Nf3 Nc6 7. Nc3 Qd6 8. Be2 e6 9. O-O Be7 10. a3 O-O 11. b4 a6 12. Bg5 Rd8 13. Be3 Bd7 14.
Qb3 Be8 15. Rac1 Rac8 16. h3 h6 17. Rfd1 Bf8 18. Na4 Ne7 19. Nc5 Qb8 20. Ne5 Ned5 21. a4 Nd7 22. Nexd7 Bxd7 23. a5 Bc6 24. Bf3 Bxc5 25.
bxc5 Ne7 26. Bg4 Nd5 27. Rb1 Qc7 28. Rdc1 Qxa5 29. Ra1 Qc7 30. Bd2 Qe7 31. Ba5 Rd7 32. Qg3 Nf6 33. Be2 Rxd4 34. Bc3 Rd5 35. Bb2 Rg5 36.
Bg4 h5 37. Qh4 Nxg4 38. hxg4 Bxg2 39. f4 Rcxc5 40. fxg5 Rxg5 41. Ra4 Bf3 42. Kf2 Bxg4 43. Qh1 Rf5+ 0-1

[Event "Late-Titled-Tuesday-Blitz-July-09-2024"]
[Site "Chess.com"]
[Date "2024.07.09"]
[Round "2"]
[White "BogdanDeac"]
[Black "pooh2012"]
[Result "0-1"]
[WhiteElo "2958"]
[BlackElo "2641"]
[TimeControl "180+1"]
[EndTime "14:18:23 PDT"]
[Termination "pooh2012 won on time"]

1. e4 c6 2. Nf3 d5 3. Nc3 Bg4 4. h3 Bxf3 5. Qxf3 e6 6. d4 Nd7 7. Bd3 dxe4 8. Qxe4 Ngf6 9. Qf3 Be7 10. O-O e5 11. Be3 O-O 12. d5 cxd5 13. Nxd5 Nxd5 14.
Qxd5 Qc7 15. Rad1 Nf6 16. Qc4 Qxc4 17. Bxc4 a6 18. Rfe1 Rac8 19. Bb3 Bc5 20. g4 h6 21.
Kg2 Rfe8 22. Kg3 Ne4+ 23. Kg2 Nf6 24. c3 Rc7 25. Bxc5 Rxc5 26. Rd6 Kf8 27. Kg3 e4 28. Bc2 Rb5 29. b3 Rc5 30. c4 b5 31. Rxa6 bxc4 32.
b4 Rd5 33. Rc6 Rd4 34. b5 Nd5 35. a3 e3 36. b6 Rd2 37. Bf5 exf2 38. Rf1 Rb2 39. Rxf2 Rxb6 40. Rxc4 Ne3 0-1

[Event "Late-Titled-Tuesday-Blitz-July-09-2024"]
[Site "Chess.com"]
[Date "2024.07.09"]
[Round "2"]
[White "Statham_01"]
[Black "FabianoCaruana"]
[Result "0-1"]
[WhiteElo "2665"]
[BlackElo "3183"]
[TimeControl "180+1"]
[EndTime "14:18:24 PDT"]
[Termination "FabianoCaruana won by resignation"]

1. e4 c5 2. a3 e6 3. b4 cxb4 4.
axb4 Bxb4 5. Bb2 Nf6 6. e5 Nd5 7. c4 Ne7 8. Qg4 Nf5 9. Bd3 h5 10. Qf3 g6 11. Ne2 Nc6 12. Nbc3 Nxe5 13. Qe4 d6 14. f4 Nd7 15. Na2 Nf6 16. Qf3 Bc5 17.
Bxf5 gxf5 18. d4 Bb6 19. O-O Ne4 20. c5 Bc7 21. d5 Rh6 22. Nac3 Nd2 23. Qd3 Nxf1 24.
Rxf1 dxc5 25. Nb5 Bb6 26. Qg3 Rg6 27. Qh3 Qxd5 28. Nec3 Qc6 29. Rd1 Bd7 30. Rd6 c4+ 31. Kh1 Qc5 32. Rd1 Bc6 33. Ba3 Rxg2 34. Qxg2 Bxg2+ 35. Kxg2 Qc6+ 36. Kg3 Bc5 37. Bxc5 Qxc5 38. Nd6+ Kf8 39. Ncb5 Qe3+ 40. Kg2 Qe2+ 0-1

[Event "Late-Titled-Tuesday-Blitz-July-09-2024"]
[Site "Chess.com"]
[Date "2024.07.09"]
[Round "2"]
[White "Defenstrator"]
[Black "dawid498"]
[Result "0-1"]
[WhiteElo "2384"]
[BlackElo "2669"]
[TimeControl "180+1"]
[EndTime "14:18:24 PDT"]
[Termination "dawid498 won by resignation"]

1. e4 g6 2. Nf3 Bg7 3. Bc4 e6 4.
Nc3 a6 5. d4 b5 6. Bb3 Bb7 7. Qe2 Ne7 8. h4 h6 9. Bf4 d6 10.
O-O-O Nd7 11. Kb1 Nf6 12. Rhe1 b4 13. Na4 Bxe4 14. d5 Bxd5 15. Nd4 O-O 16. Qd2 Bxb3 17. Nxb3 Qe8 18. Qxb4 Ned5 19. Qc4 Qb5 20. Qd4 Nxf4 21. Qxf4 e5 22. Qf3 Qxa4 23. g4 Qxg4 24. Qc3 c5 25. Rg1 Qe6 26. Nd2 d5 27. Qxc5 Ne4 28. Nxe4 dxe4 29.
Rd6 Qf5 30. Qe3 Kh7 31. h5 g5 32. Rc6 Qf4 33. Qe2 Rfd8 34. Rg4 Qf3 35. Qxf3 exf3 36. Kc1 f5 37. Rb4 Rd7 38. Rbb6 e4 39. Re6 Rad8 40.
c3 a5 41. b4 axb4 42. cxb4 g4 43. a4 g3 44. fxg3 f2 0-1

[Event "Late-Titled-Tuesday-Blitz-July-09-2024"]
[Site "Chess.com"]
[Date "2024.07.09"]
[Round "2"]
[White "NowInChess"]
[Black "ExchangeAB"]
[Result "1-0"]
[WhiteElo "2217"]
[BlackElo "2456"]
[TimeControl "180+1"]
[EndTime "14:18:24 PDT"]
[Termination "NowInChess won by checkmate"]

1. e4 c6 2. d4 d5 3. exd5 cxd5 4. c4 Nf6 5. Nc3 g6 6. Qb3 Bg7 7. cxd5 O-O 8. Be2 Qb6 9. Qxb6 axb6 10. Bf3 Na6 11.
Nge2 Nb4 12. O-O Rd8 13. Bg5 Kf8 14. Bxf6 Bxf6 15. a3 Na6 16. Nb5 Bd7 17. Nec3 Rac8 18.
d6 Bc6 19. dxe7+ Kxe7 20. Rfe1+ Kf8 21. d5 Bxb5 22. Nxb5 Rc5 23. a4 Bxb2 24. Rad1 Nb4 25. d6 Nc6 26. d7 Kg7 27. g3 Ne5 28. Bxb7 Rxd7 29. Rxd7 Nxd7 30. Re7 Ne5 31. f4 Nc6 32. Rc7 Na5 33. Rd7 Rc1+ 34. Kf2 Rc2+ 35. Kf3 Kf8 36.
Nd6 Rc3+ 37. Ke4 Ba3 38. Rxf7+ Kg8 39. Bd5 Bxd6 40. Rc7+ Kf8 41. Rxc3 Bc5 42. Rd3 Ke7 43. Rd1 Kf6 44. g4 h6 45. h4 g5 46. hxg5+ hxg5 47. f5 Bd6 48. Rh1 Bc5 49. Rh6+ Kg7 50. Rg6+ Kf8 51.
Rxg5 Ke7 52. Rg6 Bf2 53. f6+ Kf8 54. Rg8# 1-0

[Event "Late-Titled-Tuesday-Blitz-July-09-2024"]
[Site "Chess.com"]
[Date "2024.07.09"]
[Round "2"]
[White "Aryan_Tamadon"]
[Black "SchmakAttack"]
[Result "0-1"]
[WhiteElo "2573"]
[BlackElo "2871"]
[TimeControl "180+1"]
[EndTime "14:18:25 PDT"]
[Termination "SchmakAttack won on time"]

1. Nf3 d5 2. e3 Nf6 3. d4 c5 4. c3 e6 5. Bd3 b6 6. O-O Bb7 7. Nbd2 Nbd7 8. Ne5 Bd6 9. f4 O-O 10. Qf3 a5 11. g4 Ba6 12. Bxa6 Rxa6 13. g5 Ne8 14.
Qh5 g6 15. Qh6 Ng7 16. Qh3 Nxe5 17. dxe5 Be7 18. Qf3 b5 19. h4 c4 20. Rd1 Qa8 21.
Nf1 b4 22. Ng3 Rb8 23. h5 bxc3 24. bxc3 Rab6 25. Kf2 Rb1 26. Bd2 Rxa1 27. Rxa1 Rb2 28. Ke2 Qb7 29. Rh1 Rxa2 30. hxg6 hxg6 31. Nf1 Qb2 32. Qh3 Nh5 33. Qg4 Qc2 34. Kf2 a4 35. Rxh5 gxh5 36. Qxh5 a3 37. Qh1 Rb2 38. f5 Qxf5+ 39.
Ke1 Bxg5 0-1